 Dungeon Crawl Stone Soup version 0.28.0 (webtiles) character file.

Game seed: 3865719384000284876

1034 Doggr the Chopper (level 8, -2/62 HPs)
             Began as a Human Berserker on Feb 7, 2022.
             Was a Priest of Trog.
             Slain by a shadow (18 damage)
             ... on level 6 of the Dungeon.
             The game lasted 00:36:39 (3359 turns).

Doggr the Chopper (Human Berserker)                 Turns: 3359, Time: 00:36:39

Health: -2/62      AC: 13    Str: 19    XL:     8   Next: 48%
Magic:  8/8        EV:  8    Int:  9    God:    Trog [***...]
Gold:   191        SH:  0    Dex: 12    Spells: 7/7 levels left

rFire   . . .      SeeInvis .   v - +4 hand axe (flame)
rCold   . . .      Faith    .   (no shield)
rNeg    . . .      Spirit   .   d - +1 chain mail
rPois   .          Reflect  .   (no helmet)
rElec   .          Harm     .   (no cloak)
rCorr   .          Rampage  .   c - +0 pair of gloves
Will    ++...                   h - +0 pair of boots
Stlth   ..........              o - amulet of regeneration
HPRegen 2.00/turn               (no ring)
MPRegen 0.11/turn               (no ring)

@: strong-willed, regenerating
A: no striking features
a: Renounce Religion, Berserk, Trog's Hand


You were on level 6 of the Dungeon.
You worshipped Trog.
Trog was most pleased with you.
You visited 2 branches of the dungeon, and saw 7 of its levels.

You collected 243 gold pieces.
You spent 52 gold pieces at shops.

Inventory:

Hand Weapons
 a - a +0 hand axe
 k - a +0 morningstar
 v - a +4 hand axe of flaming (weapon)
 z - a +0 dagger of distortion
 A - a +1 dire flail of protection
 C - a +0 hunting sling
 E - a +1 whip of electrocution
Missiles
 e - 25 sling bullets
 m - 27 bolts
 p - 64 arrows
Armour
 b - a +0 animal skin
 c - a +0 pair of gloves (worn)
 d - a +1 chain mail (worn)
 f - a +0 robe
 h - a +0 pair of boots (worn)
 i - a +0 chain mail
 j - a +0 chain mail
Jewellery
 o - an amulet of regeneration (around neck)
 s - an amulet of the acrobat
Wands
 G - a wand of flame (13)
Scrolls
 g - 2 scrolls of identify
 n - a scroll of vulnerability {unknown}
 q - a scroll of torment {unknown}
 t - a scroll of amnesia {unknown}
 y - a scroll of noise {unknown}
 D - a scroll of fear {unknown}
 H - a scroll of immolation {unknown}
Potions
 l - 2 potions of invisibility
 r - a potion of ambrosia {unknown}
 u - a potion of degeneration {unknown}
 w - a potion of attraction {unknown}
 x - a potion of brilliance {unknown}
 B - a potion of curing
 F - a potion of might {unknown}


   Skills:
 + Level 5.0 Fighting
 + Level 7.1 Axes
 + Level 4.9 Armour
 + Level 2.9 Dodging
 + Level 1.5 Stealth


You had 7 spell levels left.
You didn't know any spells.
Your spell library contained the following spells:

 Spells                   Type           Power      Damage    Failure   Level
 Portal Projectile        Hex/Tloc       0%         N/A       100%        3
 Blade Hands              Tmut           0%         N/A       100%        5
 Excruciating Wounds      Necr           0%         N/A       100%        5


Dungeon Overview and Level Annotations

Branches:
Dungeon (6/15)             Temple (1/1) D:4

Altars:
Dithmenos
Elyvilon
Gozag
Hepliaklqana
Ru
Trog
Uskayaw
Xom

Shops:
D:1 !   D:2 ?


Message History

You closely miss the shadow.
The shadow is heavily damaged.
You hit the shadow. You burn the shadow.
The shadow is heavily damaged.
The shadow slips into darkness.
The shadow flickers and vanishes!
Deactivating autopickup; reactivate with Ctrl-A.
The shadow strikes at you from the darkness!
Reactivating autopickup.
You hit the shadow but do no damage.
The shadow is heavily damaged.
The shadow hits you.
Found a stone staircase leading up.
Found 5 gold pieces.
The shadow slips into darkness.
The shadow flickers and vanishes!
Deactivating autopickup; reactivate with Ctrl-A.
The shadow strikes at you from the darkness!
* * * LOW HITPOINT WARNING * * *
Reactivating autopickup.
Your skin crawls.
You feel strong-willed.
The shadow slips into darkness.
The shadow flickers and vanishes!
Deactivating autopickup; reactivate with Ctrl-A.
The shadow strikes at you from the darkness!
* * * LOW HITPOINT WARNING * * *
Reactivating autopickup.
You hit the shadow. You burn the shadow.
The shadow is severely damaged.
The shadow hits you.
* * * LOW HITPOINT WARNING * * *
You hit the shadow. You burn the shadow.
The shadow is severely damaged.
The shadow slips into darkness.
The shadow flickers and vanishes!
Deactivating autopickup; reactivate with Ctrl-A.
You hit something but do no damage.
The shadow strikes at you from the darkness!
You die...

******########.#.########
*,,,.....#.#.......
*,***##..#.#....... *,*
#............ *,*
##.#.#....... *,*
#.#.#.......
###+######.#.#.......
#..........#.#..#####
#...@......#.#..#....
#....{.....#.#...#...
#..........#.#.......
###.........$#..##...
###############..#....
#................#####
##.#############.# #.#
#.# #.# #.#


There were no monsters in sight!

Vanquished Creatures
  Prince Ribbit (D:5)
  Edmund (D:5)
  A phantom (D:5)
  A scorpion (D:5)
  A howler monkey (D:4)
  A centaur zombie (D:4)
  2 orc priests (D:4)
  2 bullfrog skeletons (D:5)
  2 hounds (D:4)
  A jelly (D:5)
  An iguana (D:4)
  A scorpion zombie (D:5)
  3 orc wizards
  A gnoll (D:4)
  5 adders
  A white imp (D:5)
  An ufetubus (D:5)
  An adder skeleton (D:4)
  3 worms
  3 dart slugs
  17 orcs
  4 bats
  7 endoplasms
  3 giant cockroaches
  8 goblins
  7 hobgoblins
  3 jackals (D:1)
  6 kobolds
  3 quokkas
  5 ball pythons
  5 frilled lizards (D:1)
  3 rats
104 creatures vanquished.

Vanquished Creatures (others)
  3 plants (D:1)
3 creatures vanquished.

Grand Total: 107 creatures vanquished

Notes
Turn   | Place    | Note
-------+----------+-------------------------------------------
     0 | D:1      | Doggr the Human Berserker began the quest for the Orb.
     0 | D:1      | Reached XP level 1. HP: 18/18 MP: 1/1
    45 | D:1      | Found Ympoceom's Distillery.
   178 | D:1      | Reached XP level 2. HP: 21/24 MP: 2/2
   311 | D:1      | Reached XP level 3. HP: 18/29 MP: 3/3
   526 | D:2      | Found Corrih's Magic Scroll Shoppe.
   543 | D:2      | Bought a scroll of identify for 26 gold pieces
   804 | D:2      | Reached ** piety under Trog
  1106 | D:2      | Bought a scroll of identify for 26 gold pieces
  1329 | D:3      | Reached XP level 4. HP: 35/35 MP: 4/4
  1334 | D:3      | Reached skill level 4 in Axes
  1690 | D:4      | Found a staircase to the Ecumenical Temple.
  1700 | D:4      | Reached XP level 5. HP: 42/42 MP: 5/5
  1756 | D:4      | Reached skill level 5 in Axes
  1756 | D:4      | Reached XP level 6. HP: 27/48 MP: 6/6
  1785 | D:5      | Entered Level 5 of the Dungeon
  1890 | Temple   | Entered the Ecumenical Temple
  2138 | D:4      | Reached XP level 7. HP: 53/55 MP: 7/7
  2536 | D:5      | Reached skill level 1 in Stealth
  2540 | D:5      | Reached *** piety under Trog
  2731 | D:5      | Reached skill level 6 in Axes
  2748 | D:5      | Noticed Prince Ribbit
  2748 | D:5      | Noticed Edmund
  2782 | D:5      | Killed Edmund
  2786 | D:5      | Killed Prince Ribbit
  2787 | D:5      | Reached XP level 8. HP: 61/61 MP: 8/8
  2891 | D:5      | Reached skill level 5 in Fighting
  2891 | D:5      | Reached skill level 7 in Axes
  3260 | D:6      | Found a white marble altar of Elyvilon.
  3330 | D:6      | Noticed a shadow
  3359 | D:6      | Slain by a shadow

Illustrated notes

Levels and vault maps discovered:
D:1:      lightli_arrival_windingriver, layout_loops_ring, serial_shops,
          nicolae_shop_trees
D:2:      layout_basic, serial_shops, nicolae_square_shop
D:3:      layout_loops_ring
D:4:      kennysheep_spiral_hall, layout_basic, temple_fountains
D:5:      layout_loops_ring, nicolae_figureground_sparkle, uniq_prince_ribbit1,
          uniq_edmund
D:6:      layout_basic, lemuel_coloured_pillars_altar, serial_rivers,
          chequers_serial_rivers_micro_e, chequers_serial_rivers_large_b,
          chequers_serial_rivers_marsh, chequers_serial_rivers_marsh,
          chequers_serial_rivers_micro_a
Temple:   mainiacjoe_temple_circle_huts

Skill      XL: |  1  2  3  4  5  6  7  8 |
---------------+-------------------------+-----
Axes           | 4 5 6 7 |  7.1
Fighting       | 4 5 |  5.0
Armour         | 3 4 |  4.9
Stealth        | 1 |  1.5
Dodging        | |  2.9

Action                   |  1- 3 |  4- 6 |  7- 9 || total
-------------------------+-------+-------+-------++-------
Melee: Hand axe          |   120 |   126 |    96 ||   342
       Punch             |     1 |     2 |     2 ||     5
Invok: Berserk           |     2 |     4 |     2 ||     8
       Trog's Hand       |       |     1 |     1 ||     2
  Use: Scroll            |       |     2 |     2 ||     4
       Potion            |       |     1 |     1 ||     2
 Stab: Invisible         |       |     3 |       ||     3
Armor: Chain mail        |    76 |    95 |    44 ||   215
Dodge: Dodged            |    55 |    62 |    32 ||   149
